 Dungeon Crawl Stone Soup version 0.30-a0-824-g6c64550be9 (webtiles) character file.

Game seed: 14388879185807216696

700 Nacht the Sneak (level 7, -1/55 HPs)
             Began as a Naga Earth Elementalist on Feb 27, 2023.
             Shot with an arrow by a centaur (9 damage)
             ... on level 5 of the Dungeon.
             The game lasted 00:05:44 (5194 turns).

Nacht the Sneak (Naga Earth Elementalist)           Turns: 5194, Time: 00:05:44

Health: -1/55      AC:  3    Str: 11    XL:     7   Next: 65%
Magic:  12/14      EV:  9    Int: 17    God:
Gold:   212        SH:  0    Dex: 11    Spells: 9/15 levels left

rFire   . . .      SeeInvis +    k - +3 short sword
rCold   . . .      Faith    .    (no shield)
rNeg    . . .      Spirit   .    a - +0 robe
rPois   +          Reflect  .    (no helmet)
rElec   .          Harm     .    (no cloak)
rCorr   .          Rampage  .    (no gloves)
Will    .....                    (no barding)
Stlth   +++                      (no amulet)
HPRegen 0.29/turn                (no ring)
MPRegen 0.14/turn                (no ring)

@: very slow
A: AC +2, large, see invisible, deformed body, poison resistance, slowness 2,
spit poison 1, naga tail 1
a: Spit Poison


You were on level 5 of the Dungeon.
You visited 1 branch of the dungeon, and saw 5 of its levels.
You also visited: Sewer.

You collected 212 gold pieces.

Inventory:

Hand Weapons
 k - a +3 short sword (weapon)
Missiles
 p - 10 poisoned darts
Armour
 a - a +0 robe (worn)
Jewellery
 w - a ring of fire
 x - a +5 ring of evasion
Scrolls
 b - a scroll of immolation {unknown}
 e - 5 scrolls of teleportation {unknown}
 g - 6 scrolls of identify {unknown}
 h - 2 scrolls of magic mapping {unknown}
 i - a scroll of fear {unknown}
 m - a scroll of fog {unknown}
 n - a scroll of noise {unknown}
 o - a scroll of brand weapon {unknown}
 t - a scroll of enchant armour {unknown}
Potions
 c - 2 potions of attraction {unknown}
 d - a potion of flight {unknown}
 f - 4 potions of heal wounds {unknown}
 j - 2 potions of invisibility {unknown}
 l - a potion of lignification {unknown}
 q - 3 potions of curing {unknown}
 r - a potion of berserk rage {unknown}
 s - 2 potions of mutation {unknown}
 u - a potion of ambrosia {unknown}
 v - a potion of degeneration {unknown}
 z - a potion of might {unknown}
 A - a potion of brilliance {unknown}


   Skills:
 - Level 1.5 Dodging
 + Level 6.2 Stealth
 * Level 4.9 Spellcasting
 - Level 2.0 Conjurations
 - Level 1.0 Transmutations
 * Level 5.6 Earth Magic


You had 9 spell levels left.
You knew the following spells:

 Your Spells              Type           Power      Damage    Failure   Level
a - Sandblast             Erth           46%        2d11      1%          1
b - Stone Arrow           Conj/Erth      34%        3d9       9%          3
w - Passwall              Tmut/Erth      12%        N/A       5%          2

Your spell library contained the following spells:

 Spells                   Type           Power      Damage    Failure   Level
 Ensorcelled Hibernation  Hex/Ice        8%         N/A       22%         2
 Petrify                  Tmut/Erth      15%        N/A       34%         4
 Swiftness                Air            4%         N/A       41%         3


Dungeon Overview and Level Annotations

Branches:
Dungeon (5/15)              Sewer (visited)
 Temple: D:4-7

Altars:
Cheibriados

Shops:
D:3 =

Annotations:
D:4 3 runed translucent doors, Orangeyouglad's ghost, amateur HuCj


Innate Abilities, Weirdness & Mutations

Your serpentine skin is tough. (AC +2)
You have supernaturally acute eyesight. (SInv)
Armour fits poorly on your strangely shaped body.
Your system is resistant to poisons. (rPois)
You cover ground very slowly.
You can spit poison.
You have a snake-like lower body.


Message History

Orangeyouglad's ghost turns its malevolent gaze towards you.
You hear a shout! x2
The kobold shouts! x3
The kobold shouts!
The kobold brigand shouts!
Could not explore, unopened runed door.
Could not explore, unopened runed door.
Could not explore, unopened runed door.
There is a stone staircase leading down here.
Okay, then.
You climb downwards.
There is a stone staircase leading up here.
A centaur comes into view.
Found a scroll labelled OXOZIJ NOEWI.
You see here a yellow potion.
A centaur is nearby!
A centaur is nearby!
An iguana comes into view.
Casting: Sandblast (safe; 1% risk of failure)
Confirm with . or Enter, or press ? or * to list all spells.
Aiming: Sandblast (safe; 1% risk of failure)
Press: ? - help, Shift-Dir - straight line, f - iguana
Aim: an iguana (asleep, 100% to hit)
The blast of sand hits the iguana.
The iguana is lightly wounded.
The iguana hisses angrily.
The centaur shouts!
The centaur wields a +0 shortbow.
The centaur shoots an arrow.
The arrow hits you!
The centaur shoots an arrow.
The arrow hits you!
Casting: Sandblast (safe; 1% risk of failure)
Confirm with . or Enter, or press ? or * to list all spells.
Aiming: Sandblast (safe; 1% risk of failure)
Press: ? - help, Shift-Dir - straight line, f/p - iguana
Aim: an iguana (85% to hit)
The blast of sand hits the iguana but does no damage.
The iguana barely misses you.
The centaur shoots an arrow.
The arrow hits you!
The iguana bites you but does no damage.
The centaur shoots an arrow.
The arrow hits you! The iguana attacks as you move away! The iguana bites you!
* * * LOW HITPOINT WARNING * * *
The centaur shoots an arrow.
The arrow hits you!
You die...

#.....#
######.....##
............
........c..####
........?.....#
...............
........l...#.#
#.# #.#.#
##@###.#.#
#.!......###
#..##......#
#...#......#
#...#.<....#
....########
.#.... #.#.#..
. #. ...


You could see a centaur and an iguana.

Vanquished Creatures
  A black bear (D:4)
  An ice beast (D:4)
  A phantom (D:4)
  2 hounds (D:4)
  A jelly (D:3)
  An orc priest (D:3)
  An iguana (D:4)
  A mummy (D:3)
  4 gnolls (D:2)
  2 river rats (Sewer)
  14 adders
  A worm (D:2)
  4 dart slugs
  4 orcs
  8 endoplasms
  3 giant cockroaches
  8 goblins
  8 hobgoblins
  5 jackals
  A quokka (D:3)
  10 ball pythons
  5 bats
  8 frilled lizards
  3 kobolds
  14 rats
111 creatures vanquished.

Notes
Turn   | Place    | Note
-------+----------+-------------------------------------------
     0 | D:1      | Nacht the Naga Earth Elementalist began the quest for the
                  | Orb.
     0 | D:1      | Reached XP level 1. HP: 15/15 MP: 3/3
   555 | D:1      | Reached XP level 2. HP: 22/22 MP: 3/5
   902 | D:2      | Reached XP level 3. HP: 28/28 MP: 1/6
   984 | D:2      | Reached skill level 1 in Conjurations
  1015 | D:2      | Reached XP level 4. HP: 25/36 MP: 1/8
  1145 | D:2      | Reached skill level 4 in Stealth
  2110 | D:2      | Learned a level 2 spell: Passwall
  2114 | D:2      | Learned a level 3 spell: Stone Arrow
  2191 | D:3      | Reached XP level 5. HP: 25/42 MP: 3/9
  2331 | D:3      | Identified the +6 mace of Sirchiawio {heavy, rElec}
  2505 | D:3      | Found Akkemut's Jewellery Emporium.
  2706 | D:3      | Found a glowing drain.
  2721 | Sewer    | Entered a sewer
  3064 | Sewer    | Reached XP level 6. HP: 49/49 MP: 8/11
  3333 | D:3      | Reached skill level 5 in Stealth
  3584 | D:3      | Found a snail-covered altar of Cheibriados.
  3728 | D:4      | Found a runed translucent gate.
  3729 | D:4      | Found a runed translucent gate.
  3729 | D:4      | Noticed Orangeyouglad's ghost (amateur HuCj)
  3730 | D:4      | Found a runed translucent gate.
  4139 | D:4      | Noticed a black bear
  4155 | D:4      | Killed a black bear
  4156 | D:4      | Reached skill level 5 in Earth Magic
  4156 | D:4      | Reached XP level 7. HP: 22/55 MP: 0/13
  4425 | D:4      | Reached skill level 6 in Stealth
  5183 | D:5      | Entered Level 5 of the Dungeon
  5194 | D:5      | Shot with an arrow by a centaur

Illustrated notes

Levels and vault maps discovered:
D:1:      amcnicky_arrival_gap_in_the_tavern_cellar, layout_loops_ring,
          minmay_tromino_v4_b
D:2:      layout_loops_corners, nicolae_eternal_life, minmay_quantized
D:3:      wad_crossroads, layout_basic, slow_altar_1,
          cheibrodos_sewer_entry_drain, serial_shops, shop
D:4:      layout_layer_cave, gammafunk_ghost_nasty_kobolds
D:5:      layout_basic, kennysheep_little_box, serial_shops, shop_statue

Skill      XL: |  1  2  3  4  5  6  7 |
---------------+----------------------+-----
Conjurations   | 1 2 |  2.0
Stealth        | 4 5 6 |  6.2
Spellcasting   | 3 4 |  4.9
Earth Magic    | 4 5 |  5.6
Dodging        | |  1.5
Transmutations | |  1.0

Action                     |  1- 3 |  4- 6 |  7- 9 || total
---------------------------+-------+-------+-------++-------
  Melee: Short sword       |     7 |     3 |       ||    10
         Punch             |       |     1 |       ||     1
   Cast: Sandblast         |    29 |   132 |    22 ||   183
         Stone Arrow       |       |     2 |       ||     2
Ability: Spit Poison       |       |     1 |       ||     1
    Use: Potion            |       |     1 |       ||     1
 Armour: Robe              |     4 |    17 |     2 ||    23
  Dodge: Dodged            |     9 |    37 |     6 ||    52

Table legend: (Time is in decaauts)
 A = Elapsed time spent in this place.
 B = Non-inter-level travel time spent in this place.
 C = Inter-level travel time spent in this place.
 D = Time resting spent in this place.
 E = Time spent auto-exploring this place.
 F = Levels seen in this place.
 G = Mean time per level.
                   A        B        C        D        E       F      G
               +--------+--------+--------+--------+--------+-----+--------+
         Total |   6660 |   6457 |    203 |      0 |   5680 |   6 | 1110.0 |
       Dungeon |   6062 |   5859 |    203 |      0 |   5175 |   5 | 1212.4 |
         Sewer |    598 |    598 |      0 |      0 |    505 |   1 |  598.0 |
               +--------+--------+--------+--------+--------+-----+--------+

Top non-repeatable levels by time:
     D:4: 1948 daAuts
     D:2: 1598 daAuts
     D:3: 1349 daAuts
     D:1: 1150 daAuts
   Sewer: 598 daAuts
     D:5: 15 daAuts
